Map: 에버 드림 - 래더

Players

Solar

  • Race: Zerg Zerg
  • Spawn Location: 1:00

ShoWTimE - Winner!

  • Race: Protoss Protoss
  • Spawn Location: 7:00

Event: StayAtHomestory Cup #2

VOD

Have the link to the VOD?

Description

Time

  • Played on: June 12, 2020, 10:13 a.m.
  • Length: 14:26

All games in this series

Show
View Real Time Build Order
Export as new Build Order

Solar Zerg 

Build Orders: Hatch First, Brood Lord Corruptor 

Get SALT Encoding   

  12  0:01  Drone  
  13  0:12  Overlord  
  13  0:17  Drone  
  14  0:31  Drone x2  
  16  0:47  Hatchery  
  15  0:51  Drone  
  15  0:54  Drone  
  17  0:58  Drone  
  18  1:08  Extractor  
  17  1:14  Spawning Pool  
  17  1:16  Drone  
  17  1:19  Drone  
  18  1:27  Drone  
  19  1:38  Drone  
  20  1:49  Overlord  
  20  2:00  Queen, Zergling x4  
  20  2:01  Queen  
  26  2:10  Drone x2  
  26  2:12  Metabolic Boost  
  28  2:21  Drone x2  
  30  2:34  Hatchery  
  30  2:35  Drone  
  31  2:37  Drone  
  31  2:44  Queen  
  31  2:48  Overlord  
  33  2:53  Drone  
  33  2:55  Drone x2  
  36  3:08  Drone x5  
  36  3:11  Overlord  
  41  3:13  Drone  
  41  3:15  Drone  
  43  3:21  Drone  
  44  3:27  Overlord  
  44  3:30  Drone  
  44  3:31  Drone  
  46  3:34  Queen  
  46  3:40  Drone x2  
  50  3:43  Drone x2  
  50  3:45  Queen  
  50  3:47  Drone x2  
  56  3:50  Overlord  
  56  3:53  Drone  
  56  3:54  Roach Warren  
  56  3:56  Drone, Zergling x2  
  56  3:58  Zergling x2  
  56  4:01  Zergling x2  
  56  4:02  Zergling x2  
  61  4:05  Zergling x2  
  61  4:07  Overlord  
  62  4:13  Zergling x8  
  66  4:17  Zergling x2, Spore Crawler  
  66  4:18  Zergling x6  
  66  4:21  Overlord  
  69  4:24  Drone, Spore Crawler  
  69  4:25  Drone  
  69  4:26  Drone  
  69  4:30  Drone  
  71  4:32  Drone  
  71  4:33  Drone  
  71  4:37  Overlord  
  72  4:40  Drone  
  72  4:43  Drone x4  
  73  4:47  Drone  
  73  4:50  Drone x4  
  78  4:52  Drone  
  78  4:57  Zergling x2  
  78  4:58  Zergling x4  
  79  5:01  Extractor  
  79  5:02  Queen, Extractor  
  79  5:04  Overlord  
  76  5:08  Zergling x4  
  76  5:13  Overlord  
  74  5:21  Spore Crawler  
  72  5:23  Roach x4  
  72  5:24  Roach x3  
  72  5:26  Roach  
  88  5:30  Roach x2  
  92  5:36  Queen  
  92  5:38  Zergling x10  
  92  5:42  Queen  
  101  5:43  Overlord  
  101  5:45  Ravager x2  
  101  5:46  Ravager  
  104  5:50  Zergling x4  
  104  5:53  Overlord  
  104  5:55  Overlord  
  105  5:58  Ravager  
  105  6:00  Overlord  
  112  6:05  Ravager  
  108  6:11  Drone x2  
  108  6:17  Lair  
  108  6:18  Drone x5  
  114  6:20  Extractor  
  114  6:21  Extractor, Queen  
  114  6:23  Drone  
  113  6:27  Hatchery  
  113  6:29  Drone  
  113  6:30  Drone x4  
  112  6:33  Drone  
  112  6:35  Drone  
  112  6:38  Drone  
  112  6:39  Drone x2  
  116  6:44  Drone  
  117  6:47  Overlord  
  117  6:48  Drone  
  117  6:49  Ravager  
  117  6:52  Drone x3  
  117  6:53  Drone  
  123  6:58  Baneling Nest  
  123  7:00  Drone  
  122  7:01  Drone  
  122  7:04  Drone x2  
  122  7:07  Evolution Chamber, Baneling Nest  
  123  7:13  Zergling x8  
  127  7:21  Overlord  
  125  7:25  Roach x2  
  125  7:28  Overseer  
  125  7:29  Zergling x8  
  132  7:31  Glial Reconstitution  
  132  7:32  Overseer  
  132  7:35  Roach  
  132  7:36  Roach  
  136  7:38  Overlord  
  136  7:40  Zergling x8  
  140  7:47  Centrifical Hooks, Zerg Melee Weapons Level 1  
  140  7:50  Overlord  
  141  7:51  Zergling x8  
  141  7:53  Ravager  
  141  7:54  Overlord  
  141  7:55  Zergling x8  
  141  7:58  Overlord  
  150  8:01  Zergling x8, Unknown  
  153  8:10  Drone x2  
  155  8:13  Drone  
  155  8:14  Drone  
  155  8:16  Drone  
  155  8:18  Zergling x4  
  157  8:20  Drone x2  
  157  8:22  Zergling x6  
  157  8:24  Baneling x2  
  162  8:28  Baneling x7  
  162  8:31  Drone x6  
  168  8:36  Spire  
  168  8:38  Extractor, Infestation Pit  
  168  8:39  Drone  
  168  8:40  Overlord x3  
  168  8:41  Evolution Chamber, Zergling x2  
  165  8:42  Zergling x2  
  166  8:57  Drone x3  
  166  8:58  Hatchery  
  168  9:14  Hive  
  166  9:19  Zergling x22  
  166  9:20  Zergling x6  
  180  9:28  Drone  
  180  9:30  Drone x4  
  185  9:33  Baneling x3  
  184  9:46  Zerg Ground Armor Level 1  
  184  9:49  Zerg Melee Weapons Level 2  
  182  10:03  Corruptor x6  
  198  10:08  Overlord, Corruptor x3  
  198  10:11  Baneling x8  
  198  10:12  Baneling x7  
  199  10:15  Baneling  
  199  10:16  Baneling x11  
  198  10:27  Pneumatized Carapace  
  198  10:39  Baneling  
  198  10:40  Baneling x10  
  197  10:45  Greater Spire, Adrenal Glands  
  197  10:54  Zergling x12  
  199  11:01  Zergling x6  
  199  11:02  Zergling x4  
  200  11:20  Hatchery  
  176  11:27  Zergling x26  
  176  11:29  Extractor, Zergling x52, Hatchery  
  176  11:30  Zergling x4  
  176  11:31  Zergling x2  
  187  11:33  Corruptor x8  
  189  11:44  Drone x3  
  189  11:45  Drone x2  
  190  12:01  Baneling x17  
  195  12:07  Zergling x20  
  189  12:14  Zergling x12  
  187  12:16  Brood Lord x7  
  192  12:33  Zergling x20  
  176  12:38  Zergling x4  
  160  12:47  Zergling x6  
  160  12:48  Baneling x13  
  151  12:52  Baneling x18  
  151  12:54  Zergling x10  
  138  13:02  Roach x2  
  126  13:08  Zergling x12  
  126  13:11  Zergling x6  
  124  13:17  Zergling x6  
  123  13:26  Zergling x6  
  105  13:33  Zergling x2  
  105  13:34  Zergling x12  
  100  13:39  Zergling x6  
  100  13:40  Roach  
  97  13:43  Roach  
  97  13:48  Zergling x6  
  97  13:50  Zergling x2  
  97  13:51  Zergling x2  
  97  13:55  Ravager x2  
  101  13:56  Baneling  
  101  13:57  Baneling x3  
  101  13:58  Baneling x4  
  101  14:02  Zergling x4  
  103  14:07  Zergling x2  
  103  14:08  Zergling x4  
Show
View Real Time Build Order
Export as new Build Order

ShoWTimE Protoss - Winner!

Build Orders: 1 Gate Expand, Oracle Opening 

Get SALT Encoding   

  12  0:00  Probe  
  13  0:13  Probe  
  14  0:18  Pylon  
  14  0:25  Probe  
  15  0:28  Assimilator  
  15  0:34  Probe  
  16  0:42  Probe  
  16  0:43  Gateway  
  17  0:52  Probe  
  18  1:04  Probe  
  19  1:16  Probe  
  20  1:23  Nexus  
  20  1:31  Cybernetics Core  
  20  1:35  Probe  
  21  1:40  Assimilator  
  21  1:47  Probe  
  21  1:52  Pylon  
  22  1:59  Probe  
  22  2:00  Adept  
  23  2:08  Warp Gate  
  23  2:11  Probe  
  26  2:21  Stalker  
  26  2:23  Probe  
  27  2:32  Probe  
  27  2:34  Stargate  
  27  2:35  Probe  
  31  2:40  Probe  
  31  2:47  Probe  
  31  2:50  Probe  
  34  3:00  Probe  
  34  3:01  Gateway  
  34  3:02  Probe  
  36  3:06  Oracle  
  36  3:08  Adept  
  36  3:12  Probe  
  39  3:14  Probe  
  43  3:20  Pylon  
  43  3:24  Probe  
  43  3:26  Probe  
  45  3:33  Pylon  
  45  3:35  Oracle  
  45  3:36  Probe  
  45  3:39  Probe  
  47  3:46  Assimilator  
  47  3:48  Probe  
  51  3:51  Probe  
  51  3:53  Pylon  
  52  3:58  Adept x2  
  52  4:00  Probe  
  57  4:03  Probe  
  57  4:05  Phoenix  
  57  4:07  Assimilator  
  57  4:08  Pylon  
  58  4:12  Probe  
  58  4:15  Probe  
  62  4:24  Probe, Robotics Facility  
  62  4:27  Probe  
  64  4:33  Oracle  
  64  4:36  Probe  
  68  4:39  Probe, Pylon  
  69  4:48  Probe  
  69  4:51  Probe  
  71  4:58  Adept x2  
  75  5:01  Probe  
  75  5:03  Probe  
  71  5:07  Pylon  
  71  5:10  Immortal  
  71  5:13  Probe  
  70  5:15  Nexus  
  70  5:19  Shield Battery  
  70  5:20  Probe  
  75  5:24  Pylon  
  75  5:29  Probe  
  75  5:30  Sentry x2  
  75  5:33  Probe  
  81  5:39  Pylon  
  81  5:41  Forge  
  81  5:42  Twilight Council  
  81  5:45  Observer  
  83  5:53  Robotics Bay  
  83  5:55  Shield Battery  
  83  5:56  Immortal  
  82  5:58  Sentry  
  82  6:02  Gateway  
  82  6:03  Gateway  
  84  6:10  Shield Battery  
  88  6:12  Pylon  
  88  6:20  Photon Cannon  
  88  6:21  Photon Cannon  
  88  6:22  Pylon  
  88  6:26  Shield Battery  
  88  6:28  Shield Battery  
  88  6:34  Disruptor  
  88  6:39  Zealot x2  
  96  6:42  Pylon  
  96  6:44  Charge, Protoss Ground Weapons Level 1  
  95  6:49  Pylon  
  95  6:57  Cybernetics Core, Zealot  
  97  7:06  Disruptor  
  97  7:08  Gateway, Zealot x2  
  104  7:31  Nexus  
  104  7:32  Pylon  
  104  7:33  Probe x2, Gateway  
  104  7:35  Colossus, Gateway  
  106  7:48  Extended Thermal Lance  
  106  7:49  Probe  
  106  7:50  Probe  
  114  7:59  Shield Battery  
  114  8:01  Probe, Pylon  
  114  8:02  Probe  
  114  8:05  Gateway  
  116  8:08  Zealot x2  
  116  8:11  Colossus  
  119  8:14  Probe x2  
  121  8:25  Assimilator  
  121  8:26  Probe x2  
  123  8:27  Blink  
  123  8:29  Assimilator  
  129  8:38  Probe x2, Gateway  
  131  8:44  Gateway  
  131  8:53  Templar Archives  
  131  8:55  Zealot x5  
  141  9:01  Photon Cannon  
  141  9:03  Pylon  
  141  9:07  Protoss Ground Weapons Level 2, Warp Prism  
  144  9:23  Gateway  
  140  9:24  Gateway  
  140  9:25  Psionic Storm  
  140  9:26  Pylon  
  140  9:39  High Templar x3  
  140  9:40  High Templar x2  
  140  9:45  Pylon  
  150  9:49  Nexus  
  150  9:53  Pylon  
  150  9:54  Photon Cannon  
  150  9:57  Observer, Photon Cannon  
  150  10:06  High Templar x2  
  155  10:09  Shield Battery  
  155  10:11  Archon  
  155  10:18  Probe x3  
  155  10:19  Immortal  
  159  10:23  High Templar x2  
  159  10:26  Zealot x3  
  169  10:29  Archon  
  169  10:30  Probe  
  169  10:31  Zealot  
  169  10:32  Zealot  
  174  10:41  Unknown, Photon Cannon  
  174  10:47  Zealot x3  
  180  10:50  Zealot  
  180  10:53  Zealot  
  180  10:55  Warp Prism  
  180  10:58  High Templar x3  
  180  11:00  Shield Battery  
  180  11:01  Probe  
  180  11:03  Archon  
  171  11:08  High Templar  
  175  11:14  Archon  
  175  11:17  Zealot x3  
  169  11:28  Zealot x4  
  169  11:31  Protoss Shields Level 1  
  175  11:33  High Templar x3  
  175  11:37  Archon  
  181  11:47  High Templar x2  
  181  11:48  Observer  
  181  11:52  Archon  
  176  11:55  Zealot x6  
  186  12:06  Zealot x2  
  186  12:07  Zealot  
  188  12:17  High Templar x3  
  188  12:18  High Templar  
  188  12:21  Archon  
  192  12:24  Archon  
  192  12:26  Zealot x4  
  188  12:44  Stalker x3  
  174  12:48  Stalker x4  
  178  12:52  Zealot x2  
  150  13:19  Stalker x9  
  102  13:46  Stalker x10  
  120  13:51  Stalker  
  120  13:52  Probe x3  
  120  13:53  Probe  
  122  14:04  Probe x2  
  122  14:05  Probe  
  125  14:20  Stalker x6  
Tags
 
Add a new tag
Caveats
  • Supply blocks, unpowered buildings, or Contaminate may cause inaccurate times.
  • Supply counts are checked every 10 seconds.